Map: Troizinia LE

Players

Positron - Winner!

  • Race: Terran Terran
  • Spawn Location: 11:00

JaySlays - Winner!

  • Race: Zerg Zerg
  • Spawn Location: 9:00

Wolf - Winner!

  • Race: Protoss Protoss
  • League: Diamond
  • Spawn Location: 12:00

Epic - Winner!

  • Race: Protoss Protoss
  • Spawn Location: 11:00

HydraCMNDR

  • Race: Zerg Zerg
  • League: Platinum
  • Spawn Location: 6:00

RuSe

  • Race: Terran Terran
  • Spawn Location: 5:00

FreedomX

  • Race: Protoss Protoss
  • Spawn Location: 5:00

elitesoulja

  • Race: Terran Terran
  • League: Platinum
  • Spawn Location: 3:00

VOD

Have the link to the VOD?

Description

Time

  • Played on: April 3, 2018, 10:48 p.m.
  • Length: 22:48
Show
View Real Time Build Order
Export as new Build Order

Positron Terran - Winner!

Build Orders: Cyclone Opening, Mech 

Get SALT Encoding   

  12  0:02  SCV  
  13  0:14  SCV  
  13  0:18  Supply Depot  
  14  0:26  SCV  
  15  0:40  Barracks, SCV  
  16  0:52  Refinery  
  16  0:55  SCV, Refinery  
  17  1:08  SCV  
  18  1:20  SCV  
  19  1:27  Supply Depot, Marine  
  19  1:32  SCV  
  21  1:38  Factory  
  21  1:44  SCV  
  21  1:47  Barracks Reactor  
  22  1:56  SCV  
  23  2:28  Supply Depot  
  23  2:30  SCV  
  23  2:31  Cyclone  
  23  2:32  Cyclone  
  30  2:47  Orbital Command  
  30  2:53  Factory  
  30  3:04  Widow Mine  
  32  3:37  SCV  
  33  3:42  Widow Mine  
  33  3:43  Command Center, Widow Mine  
  37  3:49  SCV  
  38  3:59  Supply Depot  
  38  4:04  Engineering Bay  
  38  4:12  Factory Tech Lab  
  38  4:16  Armory  
  38  4:21  Widow Mine  
  40  4:30  SCV  
  41  4:37  Widow Mine  
  41  4:38  Refinery  
  43  5:02  Missile Turret  
  43  5:07  Hellion x2  
  43  5:09  Siege Tank  
  43  5:12  Factory  
  50  5:15  Supply Depot  
  50  5:20  SCV  
  50  5:21  SCV  
  52  5:26  Terran Vehicle Weapons Level 1  
  52  5:32  Infernal Pre-Igniter  
  52  5:38  SCV x2  
  52  5:42  Supply Depot  
  54  5:53  Siege Tank  
  54  5:56  SCV  
  59  5:57  SCV  
  59  6:02  Supply Depot, Factory Tech Lab  
  59  6:10  SCV  
  60  6:17  Supply Depot  
  60  6:22  Siege Tank, SCV  
  60  6:24  Thor  
  70  6:36  SCV  
  70  6:38  Planetary Fortress  
  71  6:43  Missile Turret  
  71  6:45  Command Center  
  71  6:48  SCV, Widow Mine  
  71  6:49  Widow Mine  
  76  6:56  Supply Depot  
  76  6:57  Drilling Claws  
  76  7:18  Missile Turret  
  76  7:35  SCV  
  77  7:39  Supply Depot  
  77  7:40  Hi-Sec Auto Tracking  
  77  7:41  Terran Vehicle And Ship Armor Level 1  
  77  7:42  Missile Turret  
  77  7:46  Widow Mine x2  
  77  7:47  SCV  
  77  7:49  Hellion x2  
  86  7:59  SCV  
  87  8:06  Missile Turret  
  87  8:11  SCV  
  87  8:12  Missile Turret  
  88  8:15  Missile Turret  
  88  8:24  Siege Tank  
  91  8:31  SCV  
  91  8:33  Refinery  
  92  8:35  Planetary Fortress  
  92  8:37  SCV  
  93  8:43  SCV  
  94  8:49  SCV  
  94  8:51  Missile Turret  
  94  8:54  Siege Tank  
  94  8:55  Widow Mine, SCV, Refinery  
  103  8:56  Smart Servos, Widow Mine  
  103  8:59  Refinery  
  103  9:32  SCV  
  104  9:40  Thor x2  
  104  9:43  Hellion x2  
  104  9:44  SCV  
  121  9:50  Missile Turret  
  121  9:56  SCV  
  121  9:59  Missile Turret  
  122  10:10  Terran Vehicle Weapons Level 2  
  122  10:12  Rapid Fire Launchers  
  122  10:19  SCV  
  123  10:23  Command Center  
  123  10:26  Hellion  
  125  10:59  Supply Depot  
  125  11:02  Supply Depot  
  125  11:20  Thor  
  125  11:21  Widow Mine  
  125  11:24  Widow Mine, Thor  
  141  11:40  Supply Depot  
  141  11:41  Factory  
  141  11:42  Supply Depot  
  141  11:43  Factory  
  141  11:50  Command Center  
  131  12:09  Hellion x4  
  137  12:26  Terran Vehicle And Ship Armor Level 2  
  137  12:30  Hellion  
  139  12:48  Thor x2  
  151  13:15  Factory Tech Lab x2  
  148  13:20  Supply Depot  
  148  13:23  Supply Depot  
  144  13:31  Siege Tank  
  144  13:32  Siege Tank  
  123  13:44  Thor x2  
  129  13:50  Missile Turret  
  129  14:02  Hellion  
  131  14:03  Widow Mine, Thor  
  131  14:04  Supply Depot, Widow Mine  
  131  14:06  Supply Depot  
  141  14:21  Supply Depot, Missile Turret x2  
  141  14:36  Planetary Fortress  
  141  14:43  Thor  
  141  14:44  Thor  
  153  14:46  Terran Vehicle Weapons Level 3  
  153  14:49  Supply Depot  
  153  14:50  Building Armor  
  153  14:51  Missile Turret  
  152  15:38  Hellion x2  
  152  15:41  Thor x2  
  152  15:42  Thor x2  
  170  15:45  Widow Mine x2  
  160  16:24  Thor x2  
  172  17:11  Thor  
  172  17:12  Thor x3  
  196  17:32  Missile Turret  
  196  17:34  Supply Depot  
  196  17:36  Terran Vehicle And Ship Armor Level 3  
  172  17:51  Command Center  
  172  18:29  Thor x3  
  172  18:30  Thor  
  172  18:32  Widow Mine x2  
  176  19:15  Thor x3  
  176  19:16  Thor  
  184  19:57  Thor  
  184  19:58  Thor  
  192  20:27  Missile Turret  
  192  20:28  Missile Turret  
  191  20:29  Missile Turret  
  191  20:44  Planetary Fortress  
  191  20:48  SCV x3  
  194  21:00  SCV x3  
  197  21:15  Refinery  
  197  21:18  Refinery  
  197  21:22  Missile Turret  
  197  21:37  SCV x3  
  200  22:16  Command Center  
Show
View Real Time Build Order
Export as new Build Order

JaySlays Zerg - Winner!

Build Orders: Hatch First, Zergling Baneling 

Get SALT Encoding   

  12  0:02  Drone  
  13  0:13  Overlord  
  13  0:17  Drone  
  14  0:31  Drone x2  
  16  0:43  Drone  
  17  0:55  Hatchery  
  16  0:57  Drone  
  16  1:03  Extractor  
  16  1:15  Drone x2  
  18  1:22  Spawning Pool  
  17  1:30  Drone x2  
  19  1:40  Overlord  
  19  1:56  Drone  
  20  2:09  Zergling x2  
  20  2:10  Zergling x2  
  20  2:14  Drone  
  23  2:16  Metabolic Boost  
  23  2:20  Queen  
  23  2:22  Queen  
  27  2:35  Zergling x2  
  27  2:36  Zergling x6  
  31  2:48  Zergling x4  
  33  3:02  Zergling x4  
  33  3:03  Zergling x2  
  36  3:16  Overlord x2  
  35  3:37  Zergling x4  
  35  3:38  Zergling x10  
  42  3:48  Zergling x2  
  42  3:49  Zergling x8  
  44  3:57  Baneling Nest  
  42  4:08  Zergling x2  
  42  4:09  Zergling x4  
  38  4:29  Zergling x4  
  38  4:30  Zergling x12  
  45  4:37  Zergling x2  
  46  4:40  Drone  
  47  4:48  Baneling x8  
  47  4:49  Baneling  
  47  4:55  Overlord x3  
  47  5:01  Drone  
  37  5:24  Zergling x12  
  37  5:25  Zergling x6  
  46  5:35  Zergling x2  
  47  5:38  Lair  
  47  5:46  Evolution Chamber  
  46  5:58  Baneling x5  
  45  6:10  Zergling x2  
  45  6:11  Zergling x18  
  47  6:19  Extractor  
  47  6:20  Drone  
  35  6:50  Extractor  
  35  6:52  Drone, Hydralisk Den  
  35  6:53  Drone x5  
  39  7:06  Drone x5  
  39  7:07  Drone  
  45  7:19  Zerg Missile Weapons Level 1  
  45  7:22  Evolution Chamber  
  44  7:27  Drone x5  
  49  7:31  Centrifical Hooks  
  49  7:34  Extractor  
  48  7:46  Grooved Spines  
  48  7:53  Hydralisk x2  
  52  8:17  Zerg Ground Armor Level 1  
  52  8:25  Hydralisk x2  
  55  8:31  Spore Crawler  
  54  8:34  Spore Crawler  
  53  8:43  Hydralisk  
  53  8:44  Hydralisk  
  57  8:50  Hatchery  
  57  8:52  Drone x3  
  59  8:58  Muscular Augments  
  52  9:04  Hydralisk  
  52  9:05  Hydralisk  
  53  9:17  Drone  
  53  9:18  Drone x4  
  58  9:27  Hydralisk x2  
  62  9:42  Queen  
  62  9:45  Drone x3  
  67  9:49  Overlord  
  67  10:03  Drone x4  
  67  10:04  Drone x2  
  73  10:14  Zerg Missile Weapons Level 2  
  73  10:18  Zerg Ground Armor Level 2  
  73  10:23  Hydralisk  
  75  10:41  Drone, Hydralisk  
  75  10:42  Hydralisk x2  
  82  10:46  Overlord x3  
  82  10:57  Infestation Pit  
  82  11:02  Nydus Network  
  80  11:13  Drone  
  80  11:14  Drone x12  
  93  11:26  Zergling x2  
  93  11:27  Zergling x8  
  98  11:40  Extractor  
  98  11:42  Extractor  
  96  11:52  Hydralisk x5  
  106  12:04  Overlord x4  
  106  12:05  Overlord x2  
  106  12:27  Zergling x2  
  106  12:28  Zergling x14  
  114  12:31  Baneling x7  
  114  12:32  Baneling x21  
  114  12:44  Zerg Melee Weapons Level 1  
  114  12:46  Hive  
  114  13:08  Hydralisk  
  114  13:09  Hydralisk x7  
  130  13:53  Overlord  
  130  13:54  Overlord x14  
  130  14:29  Zergling x18  
  130  14:30  Zergling x4  
  141  14:35  Adrenal Glands  
  141  14:40  Zerg Missile Weapons Level 3  
  141  14:43  Zerg Ground Armor Level 3  
  141  14:48  Hydralisk  
  141  14:49  Hydralisk x6  
  155  15:02  Ultralisk Cavern  
  154  15:12  Hydralisk x9  
  154  15:13  Hydralisk x3  
  178  15:18  Baneling x11  
  178  15:50  Zergling x2  
  178  15:51  Zergling x20  
  189  16:16  Ultralisk x2, Hatchery  
  200  16:19  Chitinous Plating  
  200  16:59  Evolution Chamber  
  197  17:11  Hydralisk x2  
  183  17:40  Hydralisk  
  183  17:41  Hydralisk x8  
  186  18:02  Overlord x4  
  186  18:03  Overlord x12  
  179  18:34  Hatchery  
  178  18:45  Pneumatized Carapace  
  178  18:49  Overseer x2  
  178  18:59  Zerg Melee Weapons Level 2  
  176  19:43  Hydralisk  
  176  19:44  Hydralisk x6  
  190  19:56  Extractor  
  189  20:01  Hydralisk  
  189  20:02  Hydralisk  
  187  20:24  Hydralisk x5  
  186  20:39  Hydralisk x4  
  193  20:55  Hydralisk x3  
  173  21:06  Hydralisk x2  
  176  21:36  Hatchery  
  152  21:53  Hydralisk  
  110  21:54  Hydralisk x4  
  110  21:55  Hydralisk  
  74  22:27  Zergling x2  
  74  22:28  Zergling x14  
Show
View Real Time Build Order
Export as new Build Order

Wolf Protoss - Winner!

Build Orders:  

Get SALT Encoding   

  12  0:01  Probe  
  13  0:13  Probe  
  14  0:19  Pylon  
  14  0:25  Probe  
  15  0:37  Probe  
  15  0:40  Gateway  
  16  0:49  Probe  
  17  0:50  Assimilator  
  17  1:01  Probe  
  18  1:14  Probe  
  18  1:17  Gateway  
  19  1:24  Assimilator  
  19  1:26  Probe  
  19  1:30  Cybernetics Core  
  20  1:38  Probe  
  21  1:44  Pylon  
  21  1:50  Probe  
  22  2:05  Gateway x2  
  22  2:08  Warp Gate  
  22  2:18  Stalker (Chrono Boost)  
  24  2:28  Stalker (Chrono Boost)  
  26  2:40  Stalker (Chrono Boost)  
  28  2:46  Stalker  
  30  3:04  Pylon  
  30  3:22  Stalker (Chrono Boost)  
  30  3:25  Stalker (Chrono Boost)  
  36  3:34  Stalker (Chrono Boost)  
  36  3:43  Stalker (Chrono Boost)  
  38  3:57  Pylon  
  38  4:07  Pylon  
  38  4:16  Pylon  
  38  4:25  Stalker x3  
  44  4:32  Pylon  
  44  4:37  Stalker  
  46  4:49  Sentry  
  46  4:50  Stalker  
  46  4:51  Sentry  
  52  5:24  Stalker x4  
  58  6:12  Nexus  
  56  7:00  Pylon  
  56  7:02  Pylon  
  56  7:08  Robotics Facility  
  56  7:11  Forge  
  56  7:15  Forge  
  56  7:20  Twilight Council  
  44  7:55  Gateway  
  44  8:06  Probe x2 (Chrono Boost)  
  44  8:10  Charge, Protoss Ground Weapons Level 1, Protoss Ground Armor Level 1  
  47  8:13  Observer  
  47  8:15  Probe (Chrono Boost)  
  47  8:16  Probe (Chrono Boost)  
  49  8:20  Probe x2 (Chrono Boost)  
  51  8:28  Zealot x2  
  51  8:29  Zealot  
  57  8:39  Probe x2  
  55  8:51  Probe x2  
  55  9:03  Probe  
  55  9:06  Zealot x4  
  63  9:18  Probe (Chrono Boost)  
  63  9:19  Probe (Chrono Boost)  
  65  9:24  Templar Archives  
  65  9:29  Observer  
  65  9:30  Probe (Chrono Boost)  
  65  9:31  Probe (Chrono Boost)  
  68  9:36  Probe (Chrono Boost)  
  68  9:37  Probe (Chrono Boost)  
  70  9:44  Probe  
  61  10:14  Immortal (Chrono Boost)  
  61  10:16  Protoss Ground Armor Level 2 (Chrono Boost), Protoss Ground Weapons Level 2 (Chrono Boost)  
  65  10:24  Zealot x4  
  65  10:25  Zealot  
  65  10:26  Psionic Storm  
  75  10:40  Pylon  
  75  10:41  Pylon  
  75  10:42  Assimilator  
  75  10:44  Immortal (Chrono Boost)  
  75  10:46  Assimilator  
  75  11:15  Immortal  
  79  11:24  High Templar x3  
  59  11:44  Zealot, High Templar  
  53  11:56  Photon Cannon  
  53  11:59  Photon Cannon  
  31  12:09  High Templar  
  31  12:11  Zealot x3  
  34  12:29  Probe (Chrono Boost)  
  36  12:30  Probe (Chrono Boost)  
  36  12:40  Probe x2 (Chrono Boost)  
  38  12:44  Probe (Chrono Boost)  
  38  12:45  Probe (Chrono Boost)  
  38  12:51  Templar Archives  
  40  12:56  Probe x2 (Chrono Boost)  
  42  13:00  Nexus  
  42  13:04  Probe x2 (Chrono Boost)  
  44  13:10  Probe x2  
  46  13:22  Probe x2  
  48  13:31  Zealot x3  
  48  13:32  Zealot x2  
  58  13:34  Probe x2  
  60  13:46  Probe, Immortal (Chrono Boost)  
  65  13:49  Probe  
  66  14:04  High Templar  
  66  14:05  High Templar x2  
  72  14:17  Probe (Chrono Boost)  
  72  14:18  Probe (Chrono Boost)  
  72  14:19  Probe (Chrono Boost)  
  72  14:21  Immortal (Chrono Boost)  
  79  14:28  Probe (Chrono Boost)  
  79  14:29  Probe (Chrono Boost)  
  79  14:30  Probe (Chrono Boost)  
  82  14:32  High Templar x2  
  82  14:37  Archon  
  74  15:02  Immortal (Chrono Boost)  
  70  15:12  Zealot x4  
  70  15:13  Zealot  
  80  15:16  Probe x3  
  83  15:21  Assimilator  
  66  15:28  Probe  
  66  15:31  Immortal (Chrono Boost)  
  59  16:03  Immortal  
  53  16:12  Probe (Chrono Boost)  
  53  16:13  Probe x2 (Chrono Boost)  
  56  16:22  Probe x3 (Chrono Boost)  
  59  16:27  Probe x3 (Chrono Boost)  
  62  16:43  Immortal (Chrono Boost)  
  65  17:10  Protoss Ground Armor Level 3 (Chrono Boost)  
  65  17:11  Protoss Ground Weapons Level 3 (Chrono Boost)  
  65  17:16  Assimilator  
  65  17:18  Immortal (Chrono Boost), Probe x2  
  65  17:19  Probe  
  72  17:30  Probe x2, High Templar x2  
  72  17:33  Nexus  
  78  17:37  Pylon  
  78  17:39  Assimilator  
  78  17:43  Assimilator  
  78  17:59  Zealot  
  76  18:40  Probe x3  
  75  18:52  Probe  
  68  19:12  Zealot x3  
  68  19:13  Zealot x2  
  68  19:15  Blink (Chrono Boost)  
  78  19:33  Observer  
  79  19:40  Gateway  
  79  19:42  Stalker x4  
  79  19:43  Gateway  
  87  19:46  Gateway  
  87  19:47  Gateway  
  87  19:48  Pylon  
  87  19:49  Gateway  
  87  19:51  Pylon  
  87  19:53  Gateway  
  87  19:55  Gateway  
  87  19:58  Gateway  
  87  20:02  Protoss Shields Level 1 (Chrono Boost)  
  87  20:18  Observer (Chrono Boost)  
  88  20:24  Stalker x3  
  88  20:28  Stalker  
  96  20:32  Observer (Chrono Boost)  
  97  20:50  Stalker x3  
  97  20:51  Stalker, Observer  
  97  20:54  Stalker x2  
  97  20:55  Stalker x5  
  97  20:56  Stalker  
  122  21:12  Observer  
  122  21:14  Robotics Bay  
  123  21:47  Stalker  
  123  21:48  Stalker x5  
  123  21:49  Stalker x4  
  143  21:58  Pylon  
  143  21:59  Pylon  
  143  22:00  Pylon  
  143  22:01  Pylon  
  143  22:02  Pylon  
  143  22:04  Pylon x2  
  143  22:05  Pylon  
  143  22:23  Stalker x4  
  143  22:24  Stalker x6  
  143  22:25  Stalker x2  
Show
View Real Time Build Order
Export as new Build Order

Epic Protoss - Winner!

Build Orders:  

Get SALT Encoding   

  12  1:09  Nexus  
  12  1:12  Probe (Chrono Boost)  
  12  1:14  Pylon  
  13  1:22  Probe (Chrono Boost)  
  14  1:27  Probe (Chrono Boost)  
  15  1:33  Gateway  
  15  1:38  Probe  
  16  1:50  Probe  
  15  2:14  Pylon  
  15  2:18  Probe  
  16  2:44  Gateway  
  14  3:11  Probe (Chrono Boost)  
  14  3:12  Assimilator  
  15  3:18  Assimilator  
  15  3:22  Probe (Chrono Boost)  
  15  3:26  Probe (Chrono Boost)  
  17  3:37  Probe  
  18  3:42  Cybernetics Core  
  18  3:44  Pylon  
  18  3:49  Probe (Chrono Boost)  
  19  4:01  Probe (Chrono Boost)  
  20  4:05  Probe (Chrono Boost)  
  21  4:16  Probe  
  22  4:25  Stargate  
  22  4:34  Pylon  
  22  4:52  Nexus  
  22  4:55  Assimilator  
  22  4:59  Assimilator  
  22  5:02  Pylon  
  22  5:03  Probe  
  23  5:16  Void Ray  
  27  5:30  Stargate  
  27  5:46  Probe (Chrono Boost)  
  28  5:59  Probe (Chrono Boost), Void Ray  
  33  6:05  Probe (Chrono Boost)  
  33  6:10  Protoss Air Weapons Level 1  
  34  6:13  Probe  
  35  6:21  Cybernetics Core  
  36  6:25  Probe (Chrono Boost)  
  36  6:36  Probe x2 (Chrono Boost)  
  38  6:44  Probe (Chrono Boost)  
  38  6:45  Probe (Chrono Boost)  
  40  6:48  Probe (Chrono Boost)  
  40  6:52  Probe  
  42  6:59  Probe  
  43  7:04  Probe  
  43  7:06  Void Ray x2  
  52  7:11  Probe  
  49  7:57  Probe  
  49  7:58  Probe  
  51  8:02  Void Ray x2  
  59  8:09  Probe  
  59  8:10  Probe  
  61  8:21  Probe  
  61  8:27  Pylon  
  62  8:28  Pylon  
  62  8:30  Pylon  
  62  8:32  Pylon x2  
  62  8:34  Pylon  
  62  8:36  Pylon  
  62  8:37  Pylon  
  62  8:45  Probe  
  63  9:54  Void Ray x2  
  71  10:02  Stargate  
  71  10:04  Stargate  
  71  10:20  Protoss Air Armor Level 1  
  71  10:26  Fleet Beacon  
  71  10:37  Void Ray x2  
  63  11:24  Void Ray  
  63  11:25  Void Ray  
  67  11:27  Void Ray x2  
  71  11:55  Assimilator  
  71  11:59  Nexus  
  59  12:03  Assimilator  
  59  12:05  Pylon  
  59  12:07  Pylon, Phoenix  
  59  12:08  Phoenix  
  63  12:09  Pylon  
  63  12:10  Phoenix x2  
  67  12:35  Probe (Chrono Boost)  
  67  12:36  Probe (Chrono Boost)  
  69  12:47  Probe (Chrono Boost)  
  69  12:48  Probe (Chrono Boost)  
  71  12:53  Probe x2 (Chrono Boost)  
  73  13:00  Phoenix x4  
  73  13:02  Anion Pulse-Crystals (Chrono Boost), Mothership  
  89  13:58  Carrier x3, Graviton Catapult  
  105  14:30  Carrier  
  111  15:02  Nexus  
  111  15:06  Assimilator  
  111  15:11  Assimilator  
  111  15:15  Pylon  
  111  15:18  Pylon  
  111  15:24  Carrier  
  99  15:50  Carrier x2 (Chrono Boost)  
  99  15:54  Carrier (Chrono Boost)  
  117  16:08  Protoss Air Weapons Level 2  
  117  16:47  Carrier (Chrono Boost)  
  115  17:06  Carrier (Chrono Boost)  
  115  17:07  Carrier (Chrono Boost)  
  115  17:12  Carrier  
  133  18:03  Carrier (Chrono Boost)  
  139  18:29  Carrier x2 (Chrono Boost)  
  103  18:53  Carrier (Chrono Boost)  
  91  19:02  Protoss Air Armor Level 2 (Chrono Boost)  
  97  19:03  Protoss Air Weapons Level 3 (Chrono Boost)  
  97  19:21  Carrier  
  103  19:47  Carrier  
  103  19:48  Carrier  
  115  20:11  Carrier  
  121  20:47  Carrier  
  127  21:13  Carrier x2  
Show
View Real Time Build Order
Export as new Build Order

HydraCMNDR Zerg 

Build Orders: Hatch First 

Get SALT Encoding   

  12  0:02  Drone  
  13  0:13  Overlord  
  13  0:18  Drone  
  14  0:31  Drone  
  15  0:37  Drone  
  16  0:52  Hatchery  
  16  0:54  Drone  
  16  0:57  Drone  
  17  1:06  Extractor  
  17  1:07  Drone  
  17  1:18  Spawning Pool  
  17  1:25  Drone  
  17  1:31  Drone  
  18  1:40  Drone  
  19  1:49  Overlord  
  19  2:01  Drone  
  20  2:05  Drone  
  21  2:11  Drone, Roach Warren  
  21  2:16  Drone  
  22  2:26  Overlord x2  
  22  2:33  Drone  
  22  2:34  Queen  
  22  2:37  Queen  
  25  2:42  Zergling x2  
  28  2:47  Spore Crawler, Drone  
  28  2:50  Drone  
  29  2:57  Drone  
  31  2:58  Drone  
  31  3:01  Extractor  
  31  3:03  Metabolic Boost  
  30  3:08  Zergling x2  
  31  3:26  Zergling x6  
  31  3:27  Zergling x2  
  35  3:35  Drone, Queen  
  32  3:52  Queen  
  32  3:53  Zergling x2  
  32  3:54  Zergling x12  
  35  4:00  Roach  
  35  4:06  Roach  
  32  4:28  Roach x3  
  32  4:29  Roach  
  40  4:32  Drone  
  40  4:36  Drone  
  42  4:40  Drone  
  42  4:44  Drone  
  44  4:51  Drone  
  45  4:58  Drone  
  45  4:59  Drone x3  
  48  5:22  Overlord x6  
  48  5:27  Spine Crawler  
  47  5:29  Spine Crawler  
  40  5:48  Roach  
  38  5:56  Roach x6  
  39  6:14  Drone  
  31  6:26  Roach x4  
  13  8:04  Hatchery  
  12  9:23  Drone  
  13  9:48  Drone x2  
  13  9:49  Drone  
  16  10:02  Overlord  
  16  10:08  Extractor  
  16  10:10  Drone  
  16  10:25  Drone  
  16  10:28  Spawning Pool  
  16  10:33  Drone  
  17  10:43  Drone  
  18  10:57  Drone  
  19  11:16  Queen  
  21  11:21  Drone x2  
  23  11:26  Roach Warren  
  23  11:27  Drone  
  23  11:48  Drone  
  23  11:49  Overlord  
  26  11:56  Lair, Hatchery  
  26  12:00  Drone  
  24  12:01  Extractor  
  23  12:10  Drone  
  24  12:19  Drone  
  25  12:26  Roach x3  
  31  12:31  Roach  
  33  12:43  Roach  
  35  12:53  Roach  
  37  13:00  Overlord x3  
  35  13:21  Ravager  
  35  13:22  Ravager x5  
  35  13:24  Drone x3  
  44  13:28  Extractor  
  44  13:31  Extractor  
  44  13:32  Roach  
  46  13:48  Roach x2  
  46  13:49  Roach  
  46  13:50  Drone  
  46  13:52  Drone  
  52  13:59  Drone  
  53  14:04  Drone  
  54  14:11  Hydralisk Den  
  54  14:15  Ravager  
  54  14:21  Drone x3  
  57  14:25  Drone x2  
  57  14:28  Drone  
  60  14:40  Spore Crawler  
  60  14:43  Overlord x2  
  59  14:47  Muscular Augments  
  59  14:57  Spore Crawler  
  58  15:03  Drone x3  
  58  15:04  Drone  
  62  15:07  Drone  
  62  15:13  Glial Reconstitution  
  47  15:32  Roach x2  
  42  15:59  Grooved Spines  
  42  16:02  Drone  
  43  16:17  Drone x3  
  46  16:24  Drone  
  47  16:35  Extractor, Hydralisk  
  14  17:50  Hatchery  
  13  19:12  Drone  
  13  19:15  Drone  
  15  19:23  Spawning Pool  
  4  20:50  Hatchery  
Show
View Real Time Build Order
Export as new Build Order

RuSe Terran 

Build Orders:  

Get SALT Encoding   

  12  0:01  SCV  
  13  0:13  SCV  
  14  0:22  Supply Depot  
  14  0:28  SCV  
  15  0:33  Refinery  
  15  0:44  SCV  
  15  0:45  Supply Depot  
  16  0:56  SCV  
  17  1:08  SCV  
  17  1:10  Barracks  
  18  1:12  Refinery  
  18  1:24  Barracks  
  18  1:27  SCV  
  19  1:45  Barracks  
  19  1:48  SCV  
  20  1:58  Supply Depot  
  20  2:05  Reaper  
  21  2:10  SCV  
  23  2:15  Reaper  
  23  2:22  SCV  
  24  2:34  Supply Depot  
  24  2:35  Reaper  
  25  2:37  Reaper  
  25  2:39  SCV  
  27  2:53  Reaper  
  27  2:54  Orbital Command  
  28  3:07  Reaper  
  28  3:09  Reaper  
  30  3:25  Reaper  
  30  3:26  Barracks, SCV  
  32  3:39  Reaper, SCV  
  33  4:06  Reaper x2  
  35  4:11  Reaper  
  34  4:38  Reaper x2  
  34  4:43  Reaper  
  37  4:51  Command Center  
  37  4:52  Command Center  
  37  4:59  Command Center  
  37  5:04  Reaper  
  38  5:10  Reaper  
  38  5:11  Reaper  
  39  5:15  Reaper  
  29  5:29  Engineering Bay  
  29  5:36  Reaper  
  29  5:42  Marine x2  
  30  5:47  Marine  
  33  6:00  Marine x2  
  35  6:05  Marine  
  35  6:08  Marine  
  37  6:18  Marine  
  35  6:57  Planetary Fortress  
  35  7:13  Planetary Fortress  
  35  7:14  Marine x4  
  39  7:20  Planetary Fortress  
  39  7:32  Marine x4  
  39  7:35  Supply Depot, Factory  
  39  7:36  Supply Depot  
  43  7:39  SCV  
  43  7:40  SCV  
  45  7:50  Marine x4  
  49  7:51  SCV  
  49  7:52  SCV  
  51  7:58  SCV  
  51  7:59  SCV  
  51  8:03  SCV  
  51  8:04  SCV  
  55  8:07  Marine  
  55  8:08  Marine x3  
  55  8:11  SCV x2  
  61  8:15  SCV  
  61  8:16  SCV  
  63  8:23  SCV x2  
  63  8:25  Marine x2  
  63  8:26  Marine x2  
  69  8:27  SCV  
  69  8:28  SCV  
  71  8:35  SCV  
  71  8:37  Command Center  
  72  8:43  Marine x3  
  72  8:44  Marine  
  72  8:47  Refinery  
  71  8:52  Refinery  
  71  9:01  Marine x4  
  75  9:05  Supply Depot  
  75  9:06  Supply Depot  
  75  9:07  Supply Depot  
  75  9:09  Supply Depot  
  75  9:19  Marine x4  
  75  9:20  Missile Turret  
  75  9:21  Missile Turret x2  
  79  9:24  Missile Turret  
  79  9:26  SCV  
  79  9:29  Missile Turret, Hi-Sec Auto Tracking  
  80  9:37  Marine x4  
  83  9:54  Marine x2  
  83  9:55  Marine x2  
  86  10:07  Command Center  
  86  10:20  Command Center  
  86  10:23  Command Center  
  86  10:28  Command Center  
  86  10:32  SCV  
  86  10:33  SCV  
  88  10:44  SCV  
  88  10:45  SCV  
  90  10:56  SCV  
  91  10:57  SCV  
  92  11:08  Missile Turret, SCV  
  92  11:09  SCV  
  92  11:10  Missile Turret  
  94  11:11  Missile Turret  
  94  11:20  SCV  
  94  11:22  Missile Turret  
  94  11:25  Missile Turret  
  84  11:44  Planetary Fortress  
  84  11:45  Planetary Fortress  
  84  11:51  Missile Turret  
  84  11:53  Missile Turret, Planetary Fortress  
  77  12:06  Missile Turret  
  60  12:10  Planetary Fortress  
  60  12:14  Missile Turret  
  50  12:17  Missile Turret  
  50  12:24  Refinery  
  50  12:29  Refinery  
  50  12:31  SCV x3  
  53  12:43  SCV x2  
  55  12:47  Refinery  
  55  12:52  Refinery  
  55  12:57  SCV x2  
  57  13:09  SCV x2  
  57  13:11  Command Center  
  59  13:21  SCV x2  
  61  13:33  Starport  
  61  13:34  Starport x2  
  61  13:36  Starport  
  61  13:42  SCV  
  61  13:43  SCV  
  61  13:46  SCV x2  
  65  13:55  SCV x2  
  66  13:58  SCV x2  
  69  14:07  SCV  
  69  14:08  SCV  
  70  14:10  SCV  
  70  14:11  SCV  
  72  14:19  SCV  
  72  14:20  SCV, Starport Tech Lab  
  72  14:21  Starport Tech Lab x3  
  74  14:24  Armory  
  74  14:26  Armory  
  74  14:44  Missile Turret  
  74  14:49  Building Armor  
  74  14:52  Barracks Tech Lab, Barracks Reactor x2  
  74  14:58  Barracks Reactor  
  73  15:19  Marine  
  74  15:21  Combat Shields  
  74  15:23  Banshee  
  74  15:24  Banshee x3  
  74  15:28  Missile Turret  
  86  15:30  Missile Turret x2  
  86  15:37  Marine  
  84  15:50  Cloaking Field  
  84  15:55  Marine  
  85  16:06  Banshee x2  
  85  16:07  Banshee x2  
  97  16:13  Marine  
  98  16:27  Terran Vehicle And Ship Armor Level 1  
  98  16:28  Terran Ship Weapons Level 1  
  98  16:30  Marine  
  98  16:31  Hyperflight Rotors  
  99  16:49  Banshee x4  
  99  16:50  Command Center  
  99  16:53  Command Center x2  
  111  17:32  Banshee x4  
  95  18:12  Marine x2  
  95  18:13  Marine x3  
  95  18:15  Banshee x3  
  104  18:30  Marine x3  
  104  18:31  Marine x2  
  108  18:48  Marine x4  
  109  18:49  Marine  
  100  19:06  Marine x3  
  94  19:24  Marine  
  83  19:58  Viking x2  
  83  19:59  Viking x2  
  86  20:21  Planetary Fortress x2  
  86  20:22  Planetary Fortress  
  63  20:28  Viking x3  
  63  20:29  Viking  
  50  20:58  Viking  
  50  20:59  Viking  
  15  22:05  SCV  
Show
View Real Time Build Order
Export as new Build Order

FreedomX Protoss 

Build Orders: Cannon Rush 

Get SALT Encoding   

  12  0:01  Probe (Chrono Boost)  
  13  0:13  Probe (Chrono Boost)  
  14  0:21  Pylon  
  14  0:36  Probe  
  15  0:43  Forge  
  15  1:10  Pylon  
  15  1:20  Photon Cannon  
  15  1:31  Photon Cannon  
  15  1:33  Pylon  
  15  1:38  Pylon  
  15  1:52  Photon Cannon  
  15  1:54  Photon Cannon  
  15  2:17  Photon Cannon  
  15  2:32  Gateway  
  15  2:33  Assimilator  
  15  2:34  Probe  
  16  2:46  Probe  
  17  2:57  Photon Cannon  
  17  2:58  Probe  
  18  3:10  Probe  
  18  3:11  Photon Cannon x2  
  18  3:17  Pylon  
  18  3:23  Probe  
  19  3:35  Cybernetics Core  
  19  3:38  Probe (Chrono Boost)  
  19  3:39  Assimilator  
  20  3:48  Probe (Chrono Boost)  
  21  3:53  Probe (Chrono Boost)  
  22  4:04  Probe  
  23  4:10  Pylon  
  23  4:32  Nexus  
  23  4:37  Assimilator  
  23  4:42  Assimilator  
  23  4:45  Pylon  
  23  4:51  Shield Battery  
  23  4:56  Stargate  
  23  5:01  Probe (Chrono Boost)  
  24  5:11  Probe (Chrono Boost)  
  25  5:16  Probe (Chrono Boost)  
  26  5:27  Probe  
  27  5:28  Shield Battery  
  27  5:39  Probe  
  27  5:40  Void Ray  
  32  5:46  Stargate  
  32  5:52  Shield Battery  
  32  5:56  Probe  
  33  6:08  Probe  
  34  6:21  Probe  
  35  6:25  Void Ray  
  39  6:33  Probe  
  40  6:40  Void Ray  
  40  6:45  Probe  
  45  7:06  Stargate  
  45  7:07  Stargate  
  45  7:09  Shield Battery  
  45  7:11  Shield Battery  
  45  7:12  Void Ray  
  49  7:16  Pylon  
  49  7:45  Void Ray  
  53  7:55  Void Ray  
  57  8:32  Void Ray x2  
  57  8:33  Void Ray  
  69  8:37  Protoss Air Weapons Level 1  
  69  8:43  Probe (Chrono Boost)  
  70  8:59  Probe  
  67  9:11  Probe  
  64  9:23  Probe  
  61  9:33  Void Ray x2  
  61  9:35  Probe  
  61  9:38  Void Ray  
  70  9:42  Pylon  
  70  9:50  Pylon  
  70  9:59  Void Ray  
  74  10:04  Pylon  
  70  10:14  Protoss Shields Level 1  
  70  10:16  Void Ray  
  74  10:25  Void Ray  
  78  11:01  Nexus  
  70  11:33  Pylon  
  70  11:35  Pylon, Void Ray x4  
  70  11:37  Pylon, Protoss Air Armor Level 1  
  86  12:36  Shield Battery  
  86  12:37  Shield Battery  
  86  12:39  Shield Battery  
  86  12:41  Shield Battery  
  86  12:42  Photon Cannon  
  86  12:43  Photon Cannon  
  86  12:47  Photon Cannon  
  86  12:48  Photon Cannon  
  86  12:50  Photon Cannon  
  86  12:52  Shield Battery  
  86  12:53  Shield Battery  
  86  12:58  Probe  
  87  13:10  Probe  
  88  13:22  Probe x2  
  90  13:29  Assimilator  
  90  13:31  Probe  
  90  13:33  Assimilator  
  92  13:34  Probe x2  
  93  13:43  Probe, Void Ray x4  
  93  13:44  Fleet Beacon  
  93  13:46  Probe x2 (Chrono Boost)  
  113  13:58  Probe (Chrono Boost)  
  113  14:00  Probe (Chrono Boost)  
  114  14:07  Probe (Chrono Boost)  
  114  14:09  Probe (Chrono Boost)  
  116  14:12  Probe  
  117  14:19  Probe  
  118  14:24  Probe  
  119  14:35  Graviton Catapult (Chrono Boost)  
  119  14:36  Probe  
  120  14:39  Protoss Air Weapons Level 2  
  120  14:40  Pylon  
  120  14:41  Pylon  
  120  14:46  Phoenix x4  
  120  14:49  Probe  
  129  14:58  Cybernetics Core  
  129  15:01  Probe  
  129  15:03  Pylon  
  129  15:05  Pylon  
  130  15:12  Twilight Council  
  130  15:13  Probe  
  131  15:25  Anion Pulse-Crystals  
  123  15:51  Void Ray x2  
  123  15:52  Void Ray x2  
  123  15:55  Protoss Air Armor Level 2  
  139  16:08  Stargate  
  139  16:09  Stargate  
  139  16:11  Stargate  
  139  16:17  Nexus  
  139  16:20  Assimilator  
  139  16:23  Assimilator  
  139  16:27  Pylon  
  139  16:28  Pylon  
  139  16:34  Void Ray  
  143  16:40  Pylon  
  143  16:42  Void Ray  
  143  16:43  Void Ray  
  143  16:44  Pylon  
  151  16:58  Photon Cannon  
  151  16:59  Photon Cannon  
  151  17:01  Shield Battery  
  151  17:03  Shield Battery  
  151  17:06  Shield Battery  
  151  17:29  Probe  
  152  17:41  Probe  
  153  17:54  Probe  
  154  18:06  Probe  
  155  18:14  Void Ray  
  155  18:15  Void Ray x6  
  155  18:18  Probe  
  112  19:23  Protoss Air Weapons Level 3 (Chrono Boost), Mothership (Chrono Boost)  
  112  19:24  Protoss Air Armor Level 3 (Chrono Boost)  
  120  19:29  Void Ray x5  
  120  19:30  Void Ray  
  128  20:50  Void Ray x3  
  128  20:51  Void Ray x4  
  156  21:18  Shield Battery  
  156  21:19  Shield Battery  
  156  21:20  Shield Battery  
  156  21:22  Shield Battery  
  156  21:24  Shield Battery  
  156  21:33  Void Ray x2  
Show
View Real Time Build Order
Export as new Build Order

elitesoulja Terran 

Build Orders:  

Get SALT Encoding   

  12  0:01  SCV  
  13  0:13  SCV  
  14  0:17  Supply Depot  
  14  0:25  SCV  
  15  0:30  Refinery  
  15  0:39  SCV  
  16  0:47  Barracks  
  16  0:57  SCV  
  16  0:58  Refinery  
  17  1:09  SCV  
  18  1:21  SCV  
  19  1:33  SCV  
  21  1:55  Orbital Command  
  21  1:57  Factory  
  20  2:04  Barracks Reactor  
  20  2:11  Supply Depot  
  20  2:54  Bunker  
  19  3:10  Command Center  
  19  3:11  Cyclone x2  
  25  3:19  Factory  
  25  3:24  SCV  
  26  3:36  SCV  
  26  3:37  Supply Depot  
  27  3:41  Barracks Reactor  
  27  3:52  Hellion x2  
  31  4:38  Cyclone x2  
  37  4:39  Orbital Command  
  37  4:41  SCV  
  38  4:53  SCV  
  36  5:30  Cyclone  
  36  5:31  Cyclone x3  
  36  5:32  SCV x2  
  50  5:41  Supply Depot  
  47  5:44  SCV  
  43  6:03  Cyclone x4  
  55  6:08  SCV x2, Refinery  
  55  6:09  Refinery  
  52  6:20  SCV x2  
  54  6:32  SCV  
  55  6:46  SCV x2, Armory  
  57  6:47  Armory  
  57  6:58  SCV x2  
  59  7:10  SCV  
  36  7:46  Cyclone  
  36  7:47  Cyclone x3  
  49  7:51  SCV x2  
  50  8:03  SCV  
  51  8:18  Command Center  
  51  8:19  Cyclone  
  54  8:25  SCV x2  
  56  8:28  Cyclone x2  
  56  8:31  Terran Vehicle Weapons Level 1  
  62  8:40  Command Center  
  62  8:42  Supply Depot  
  62  8:44  SCV x2, Cyclone  
  67  8:51  Cyclone  
  70  9:04  SCV  
  70  9:05  Supply Depot  
  70  9:06  SCV  
  78  9:24  SCV x2  
  78  9:29  Refinery  
  74  9:32  Refinery  
  74  9:33  Factory Tech Lab  
  74  9:38  Supply Depot, Factory, Factory Tech Lab  
  74  9:40  Supply Depot  
  74  9:42  Supply Depot, Factory  
  74  9:44  Terran Vehicle And Ship Armor Level 1  
  74  10:17  SCV x2  
  74  10:19  Orbital Command  
  77  10:21  Orbital Command  
  76  10:29  SCV  
  77  10:35  Factory Tech Lab  
  77  10:36  Factory Tech Lab  
  77  10:39  Thor x2  
  89  10:49  Factory  
  89  10:58  Engineering Bay  
  89  10:59  Engineering Bay  
  88  11:06  Orbital Command  
  64  11:20  Thor x2  
  64  11:22  Thor x2  
  85  11:43  SCV x3  
  88  11:55  SCV x3  
  88  11:56  Factory Tech Lab  
  88  11:58  Terran Vehicle Weapons Level 2  
  88  11:59  Terran Vehicle And Ship Armor Level 2  
  91  12:02  Supply Depot  
  91  12:03  Supply Depot  
  91  12:07  SCV x3  
  94  12:11  Thor x3  
  112  12:20  SCV x4  
  116  12:32  SCV  
  117  13:02  Thor x4  
  135  13:34  Thor  
  111  13:44  Thor x2  
  123  14:07  Command Center  
  123  14:20  Missile Turret x2  
  123  14:22  Missile Turret  
  123  14:24  Missile Turret  
  123  14:28  Supply Depot  
  123  14:29  Supply Depot  
  123  14:49  Thor  
  129  14:59  Thor  
  111  15:28  Thor x2  
  99  16:06  Terran Vehicle Weapons Level 3  
  99  16:07  Terran Vehicle And Ship Armor Level 3, Thor x2  
  87  16:14  Refinery x2  
  52  16:57  Thor x3  
  16  18:33  Command Center  
Tags
 
Add a new tag
Caveats
  • Supply blocks, unpowered buildings, or Contaminate may cause inaccurate times.
  • Supply counts are checked every 10 seconds.